 Dungeon Crawl Stone Soup version 0.31.0-9-g3a7656b989 (webtiles) character file.

Game seed: 6669482534990805615

86 qw the Shooter (level 4, 0/22 HPs)
             Began as a Spriggan Hunter on Feb 3, 2024.
             Slain by an orc
             ... wielding a +0 hand axe
              (5 damage)
             ... on level 3 of the Dungeon.
             The game lasted 00:00:49 (1653 turns).

qw the Shooter (Spriggan Hunter)                    Turns: 1653, Time: 00:00:49

Health: 0/22       AC:  4    Str:  7    XL:     4   Next: 26%
Magic:  5/5        EV: 20    Int: 10    God:
Gold:   132        SH:  0    Dex: 20    Spells: 3/3 levels left

rFire   . . .        a - +0 shortbow (heavy)
rCold   . . .        (shield currently unavailable)
rNeg    . . .        c - +0 robe
rPois   .            (helmet restricted)
rElec   .            h - +1 cloak
rCorr   .            (gloves unavailable)
SInv    +            (boots unavailable)
Will    .....        (no amulet)
Stlth   ++           (no ring)
HPRegen 0.23/turn    (no ring)
MPRegen 0.09/turn

%: no passive effects
@: very quick
A: very small, no large weapons, unfitting armour, see invisible, speed 3
a: no special abilities


You were on level 3 of the Dungeon.
You visited 1 branch of the dungeon, and saw 3 of its levels.

You collected 132 gold pieces.


Innate Abilities, Weirdness & Mutations

You are very small and have problems with some larger weapons.
You are too small for most types of armour.
You have supernaturally acute eyesight. (SInv)
You cover ground extremely quickly. (Speed+++)


   Skills:
 - Level 1.5 Fighting
 - Level 5.0 Ranged Weapons
 + Level 4.6 Dodging
 - Level 1.5 Stealth


You had 3 spell levels left.
You didn't know any spells.
Your spell library was empty.

Inventory:

Hand Weapons
 a - a +0 heavy shortbow (weapon)
Armour
 c - a +0 robe (worn)
 h - a +1 cloak (worn)
Wands
 e - a wand of charming (12)
Potions
 b - 2 potions of curing
 d - a potion of ambrosia {unknown}
 f - a potion of mutation {unknown}
 i - a potion of invisibility {unknown}

Dungeon Overview and Level Annotations

Branches:
Dungeon (3/15)

Altars:


Message History

There is a stone staircase leading up here.
An orc is nearby!
Waypoint 2 assigned to D:3.
You shoot an arrow. The arrow hits the orc!!
You kill the orc!
Things that are here:
a +0 dagger; a +0 leather armour A kobold comes into view.
It is wielding a +0 dagger.
You shoot an arrow. The arrow hits the kobold!!
You kill the kobold!
e - a wand of charming (12)
Found a stone staircase leading down. 2 orcs come into view.
Found a robe.
The orc shouts!
You hear a shout!
An orc comes into view. It is wielding a +0 flail.
You shoot an arrow. The arrow barely misses the orc.
You shoot an arrow. The arrow barely misses the orc.
The arrow hits the orc.
The orc is lightly wounded.
You shoot an arrow. The arrow barely misses the orc.
You shoot an arrow. The arrow hits the orc!
You kill the orc!
You shoot an arrow. The arrow closely misses the orc.
You shoot an arrow. The arrow hits the orc.
The orc is moderately wounded.
The orc completely misses you. The orc closely misses you. The orc misses you.
You shoot an arrow. The arrow closely misses the orc.
The orc misses you. The orc hits you with a +0 flail.
You shoot an arrow. The arrow barely misses the orc.
The orc closely misses you. The orc hits you with a +0 flail.
The orc completely misses you. The orc closely misses you.
You shoot an arrow.
The arrow hits the orc but does no damage.
The orc is moderately wounded.
The orc completely misses you. The orc misses you.
The orc hits you with a +0 flail! The orc misses you.
You shoot an arrow.
The arrow hits the orc but does no damage.
The orc is moderately wounded.
The orc hits you with a +0 hand axe.
You die...

#...# ....# .... ..[ ..
)#
#################o##..#.
................@o..>..#
#######################.


You could see 2 orcs.

Vanquished Creatures
  2 adders (D:2)
  A ribbon worm (D:2)
  A dart slug (D:1)
  2 orcs (D:3)
  3 ball pythons
  2 endoplasms (D:1)
  4 giant cockroaches
  7 goblins
  9 hobgoblins
  11 kobolds
  A quokka (D:1)
  6 bats
  3 frilled lizards
  3 rats (D:1)
55 creatures vanquished.

Notes
Turn   | Place    | Note
-------+----------+-------------------------------------------
     0 | D:1      | qw the Spriggan Hunter began the quest for the Orb.
     0 | D:1      | Reached XP level 1. HP: 10/10 MP: 2/2
     0 | D:1      | 0 ||| qw: Version: 0.3-a-155-g5e7d8dd
     0 | D:1      | 0 ||| qw: Game counter: 3044
     0 | D:1      | 0 ||| qw: Melee chars always use a shield: true
     0 | D:1      | 0 ||| qw: God list: Okawaru
     0 | D:1      | 0 ||| qw: Allow faded altars: false
     0 | D:1      | 0 ||| qw: Do Orc after clearing Dungeon:15 true
     0 | D:1      | 0 ||| qw: Do second Lair branch before Depths: true
     0 | D:1      | 0 ||| qw: Lair rune preference: random
     0 | D:1      | 0 ||| qw: Goals: Normal
     0 | D:1      | 0 ||| PLANNING D:1-11
    46 | D:1      | Reached skill level 3 in Dodging
   180 | D:1      | Reached XP level 2. HP: 14/14 MP: 3/3
   444 | D:1      | Reached XP level 3. HP: 18/18 MP: 4/4
   920 | D:1      | 920 ||| UPGRADING to +1 cloak.
   925 | D:1      | 925 ||| READING scroll labelled FEPODE SOTWAL.
   926 | D:1      | 926 ||| READING scroll labelled HATOVAWADIC.
   926 | D:1      | 926 ||| BRANDING +0 shortbow.
   927 | D:1      | 927 ||| READING 2 scrolls labelled EDGHAC KOHUMIASS.
   928 | D:1      | 928 ||| DROPPING scroll of butterflies.
   929 | D:1      | 929 ||| DROPPING scroll of fear.
  1168 | D:2      | Reached skill level 5 in Ranged Weapons
  1217 | D:2      | Reached XP level 4. HP: 22/22 MP: 5/5
  1390 | D:2      | 1390 ||| READING scroll labelled POIFAEFAEV.
  1391 | D:2      | 1391 ||| DRINKING 3 grey potions.
  1393 | D:2      | 1393 ||| Stepping ~*~*~tactically~*~*~ (cloud).
  1652 | D:3      | HP: 4/22 [orc/+0 flail (9)]
  1653 | D:3      | Slain by an orc

Levels and vault maps discovered:
D:1:      dpeg_arrival_rooms_b, layout_basic
D:2:      layout_rooms, minmay_stone_trees_small, minmay_misc_feat_encased
D:3:      layout_basic, marbit_many_paths,
          nicolae_concentric_dashed_squares_mild, nicolae_houndstooth_variations

Skill      XL: |  1  2  3 |
---------------+----------+-----
Dodging        | 3 4 |  4.6
Ranged Weapons | 5 |  5.0
Fighting       | |  1.5
Stealth        | |  1.5

Action                     |  1- 3 |  4- 6 || total
---------------------------+-------+-------++-------
   Fire: Shortbow          |   109 |    31 ||   140
    Use: Scroll            |     3 |     1 ||     4
         Potion            |       |     1 ||     1
 Armour: Robe              |     5 |     7 ||    12
  Dodge: Dodged            |    28 |    17 ||    45

Table legend:
 A = Non-vault XP
 B = Vault XP
 C = Vault XP percentage of total XP
 D = Non-vault monster count
 E = Vault monster count
 F = Vault count percentage of total count
                 A         B        C        D         E       F
            +---------+---------+-------+---------+---------+-------
      Total |     123 |       0 |   0.0 |      55 |       0 |   0.0
            +---------+---------+-------+---------+---------+-------
        D:1 |      57 |       0 |   0.0 |      32 |       0 |   0.0
        D:2 |      59 |       0 |   0.0 |      20 |       0 |   0.0
        D:3 |       7 |       0 |   0.0 |       3 |       0 |   0.0
            +---------+---------+-------+---------+---------+-------
